Blue Jackets vs Senateurs
Created - 29 mars 2017 at 23:25
Goals
|
| Blue Jackets |
0 |
0 |
1 |
1 |
| Senateurs |
0 |
4 |
1 |
5 |
|
Shots
|
| Blue Jackets |
10 |
8 |
9 |
27 |
| Senateurs |
7 |
14 |
8 |
29 |
|
1st period
No Goal
Penalties :
Brenden Morrow (Ott) for Hooking (Minor) at 8:30, Dan Hamhuis (Ott) for Roughing (Minor) at 17:50
2nd period
1. Senateurs , Gilbert Brule 39 (Carlo Colaiacovo, Thomas Vanek) at 2:38
2. Senateurs , Johan Franzen 23 (Gilbert Brule, Kurtis Foster) at 14:46 (PP)
3. Senateurs , Brenden Morrow 21 (B.J. Crombeen, Brad Richards) at 16:33
4. Senateurs , Thomas Vanek 39 (Gilbert Brule) at 16:37
Penalties :
Mike York (Clb) for Holding (Minor) at 13:54, Brenden Morrow (Ott) for Fighting (Major) at 18:35, Marcus Nilson (Clb) for Fighting (Major) at 18:35
3rd period
5. Senateurs , Gilbert Brule 40 (Vitaly Vishnevsky, Milan Hejduk) at 1:55
6. Blue Jackets , Martin Havlat 33 (Mike York, David Booth) at 6:08
Penalties :
Thomas Vanek (Ott) for Fighting (Major) at 3:07, Jeff Taffe (Clb) for Fighting (Major) at 3:07, Patric Hornqvist (Clb) for Slashing (Minor) at 6:30, Brooks Orpik (Clb) for Interference (Minor) at 12:51, Vladimir Mihalik (Ott) for Interference (Minor) at 15:51
Goalie Stats
Niklas Backstrom (Clb), 18 saves from 23 shots - (0,783), L, 4-7-0, 41:55 minutes
Rick DiPietro (Clb), 6 saves from 6 shots - (1,000), 18:05 minutes
Maxime Daigneault (Ott), 26 saves from 27 shots - (0,963), W, 9-11-3, 60:00 minutes
Players Stats for Blue Jackets
Player Name G A P +/- PIM S H SB GA TA FO MP PP MP PK MP
------------------------------------------------------------------------------------
A.J Thelen 0 0 0 0 0 0 0 1 0 0 0/0 2:29 0:00 0:00
Andreas Nodl 0 0 0 0 0 2 2 0 0 0 0/0 12:51 0:00 0:00
Branislav Mezei 0 0 0 -3 0 0 0 1 1 1 0/0 28:29 3:36 3:27
Brooks Orpik 0 0 0 1 2 0 0 3 0 0 0/0 19:22 2:21 0:25
Cory Emmerton 0 0 0 0 0 0 0 0 0 0 0/1 5:38 0:00 0:00
Dave Steckel 0 0 0 0 0 4 2 0 0 0 3/6 14:19 0:03 0:28
David Booth 0 1 1 -2 0 3 0 1 1 1 1/3 20:11 3:17 2:07
François Beauchemin 0 0 0 -1 0 0 0 1 0 0 0/0 11:13 0:00 0:00
Jan Bulis 0 0 0 -1 0 0 2 1 0 0 6/12 18:28 2:37 0:00
Jeff Taffe 0 0 0 0 5 0 0 0 0 0 0/1 8:07 0:00 0:29
Kevin Bieksa 0 0 0 -3 0 0 0 3 0 1 0/0 26:00 3:36 3:27
Marcus Nilson 0 0 0 0 5 2 3 0 0 0 0/0 12:20 0:06 0:28
Martin Havlat 1 0 1 -1 0 7 4 0 1 0 0/1 19:24 2:37 0:43
Mike Commodore 0 0 0 -1 0 0 0 0 0 1 0/0 12:11 0:00 0:58
Mike Lundin 0 0 0 1 0 0 0 2 1 1 0/0 20:18 2:21 1:23
Mike York 0 1 1 -1 2 1 1 0 0 0 0/0 18:27 2:37 0:00
Patric Hornqvist 0 0 0 -2 2 2 1 0 1 0 0/1 20:08 3:17 2:02
Pavel Datsyuk 0 0 0 -2 0 6 4 1 0 0 17/29 25:12 3:17 3:25
Players Stats for Senateurs
Player Name G A P +/- PIM S H SB GA TA FO MP PP MP PK MP
------------------------------------------------------------------------------------
B.J. Crombeen 0 1 1 0 0 4 1 0 0 0 0/0 15:30 1:36 0:00
Brad Richards 0 1 1 0 0 2 3 0 1 0 6/14 18:40 1:36 2:57
Brandon Dubinsky 0 0 0 0 0 0 3 1 0 1 2/4 12:08 0:00 0:45
Brenden Morrow 1 0 1 0 7 4 1 1 0 0 3/3 15:22 1:36 1:33
Carlo Colaiacovo 0 1 1 2 0 2 0 3 0 0 0/0 21:03 1:45 2:38
Dan Girardi 0 0 0 0 0 0 0 0 0 0 0/0 11:43 0:00 0:00
Dan Hamhuis 0 0 0 1 2 0 3 0 0 1 0/0 26:25 3:05 2:31
Darcy Hordichuk 0 0 0 0 0 2 1 0 0 0 0/0 11:40 0:57 0:32
George Parros 0 0 0 0 0 0 1 0 0 0 0/1 9:49 0:00 1:24
Gilbert Brule 2 2 4 3 0 3 1 1 1 1 14/28 20:23 3:14 1:32
Johan Franzen 1 0 1 3 0 5 1 0 1 0 0/0 18:51 3:14 0:00
Kurtis Foster 0 1 1 1 0 0 4 2 0 1 0/0 27:14 3:05 3:19
Mike Fisher 0 0 0 0 0 0 1 1 0 0 2/2 7:56 0:00 0:00
Milan Hejduk 0 1 1 0 0 1 1 0 0 0 0/1 12:12 0:13 0:00
Ryan Bayda 0 0 0 0 0 2 0 0 1 0 0/0 11:20 0:00 0:00
Thomas Vanek 1 1 2 3 5 2 0 0 0 0 0/1 19:46 2:04 3:11
Vitaly Vishnevsky 0 1 1 2 0 1 2 0 1 1 0/0 21:03 1:45 2:38
Vladimir Mihalik 0 0 0 0 2 1 1 1 0 0 0/0 12:53 0:00 0:48
3 Stars
1 - Gilbert Brule (Ott)
2 - Maxime Daigneault (Ott)
3 - Johan Franzen (Ott)
Power Play
Blue Jackets - 0 on 3 Attempt(s) - 0,00%
Senateurs - 1 on 3 Attempt(s) - 33,33%
Penalty Kill
Blue Jackets - 2 on 3 Attempt(s) - 66,67%
- Score 0 goal in Penalty Kill
Senateurs - 3 on 3 Attempt(s) - 100,00%
- Score 0 goal in Penalty Kill
Team Stat
Blue Jackets - Hits : 19 - Faceoff Wins : 27 - Blocked Shots : 14 - Penalty Minutes : 16
Senateurs - Hits : 24 - Faceoff Wins : 27 - Blocked Shots : 10 - Penalty Minutes : 16
Official
Referees : Charron Francis and Leggo Mike
Linesman : Derek Amell and Steve Barton
Game Notes
Brenden Morrow beats up Marcus Nilson at 18:35 of 2nd period
Rick DiPietro enters game at 1:55 of 3rd period
Jeff Taffe beats up Thomas Vanek at 3:07 of 3rd period
Finance
Level 1 -- Attendance: 5928 (98,80%) -- Ticket Income 474 240 $
Level 2 -- Attendance: 4573 (91,46%) -- Ticket Income 228 650 $
Level 3 -- Attendance: 1829 (91,45%) -- Ticket Income 54 870 $
Level 4 -- Attendance: 3913 (97,83%) -- Ticket Income 78 260 $
Luxury Box -- Attendance: 1000 (100,00%) -- Ticket Income 155 000 $
Game was played at the Place Banque Scotia.
Total Attendance: 17243 (95,79%)
Total Ticket Income: 991 020 $
Other Income: 148 653 $
Total Income: 1 139 673 $
Blue Jackets
5 vs 5 Forward
Center Left Wing Right Wing Time % Phy DF OF
1 Pavel Datsyuk David Booth Patric Hornqvist 40 1 2 2
2 Jan Bulis Mike York Martin Havlat 30 1 2 2
3 Dave Steckel Marcus Nilson Andreas Nodl 20 1 2 2
4 Cory Emmerton Jeff Taffe Pavel Datsyuk 10 1 2 2
5 vs 5 Defense
Defense Defense Time % Phy DF OF
1 Branislav Mezei Kevin Bieksa 40 1 2 2
2 Mike Lundin Brooks Orpik 30 1 2 2
3 François Beauchemin Mike Commodore 20 1 2 2
4 A.J Thelen Branislav Mezei 10 1 2 2
PowerPlay Forward
Center Left Wing Right Wing Time % Phy DF OF
1 Pavel Datsyuk David Booth Patric Hornqvist 60 1 2 2
2 Jan Bulis Mike York Martin Havlat 40 1 2 2
PowerPlay Defense
Defense Defense Time % Phy DF OF
1 Branislav Mezei Kevin Bieksa 60 1 2 2
2 Mike Lundin Brooks Orpik 40 1 2 2
Penalty Kill 4 Players Forward
Center Wing Time % Phy DF OF
1 Pavel Datsyuk Patric Hornqvist 60 1 2 2
2 David Booth Martin Havlat 40 1 2 2
Penalty Kill 4 Players Defense
Defense Defense Time % Phy DF OF
1 Branislav Mezei Kevin Bieksa 60 1 2 2
2 Mike Lundin Brooks Orpik 40 1 2 2
Penalty Kill - 3 Players Forward
Forward Time % Phy DF OF
1 Pavel Datsyuk 60 1 2 2
2 Patric Hornqvist 40 1 2 2
Penalty Kill - 3 Players Defense
Defense Defense Time % Phy DF OF
1 Branislav Mezei Kevin Bieksa 60 1 2 2
2 Mike Lundin Brooks Orpik 40 1 2 2
4 vs 4 Forward
Center Wing Time % Phy DF OF
1 Pavel Datsyuk Patric Hornqvist 60 1 2 2
2 David Booth Martin Havlat 40 1 2 2
4 vs 4 Defense
Defense Defense Time % Phy DF OF
1 Branislav Mezei Kevin Bieksa 60 1 2 2
2 Mike Lundin Brooks Orpik 40 1 2 2
Last Minutes Offensive
Center Left Wing Right Wing Defense Defense
Pavel Datsyuk David Booth Patric Hornqvist Branislav Mezei Kevin Bieksa
Last Minutes Defensive
Center Left Wing Right Wing Defense Defense
Pavel Datsyuk David Booth Patric Hornqvist Branislav Mezei Kevin Bieksa
Goaltenders
Starting : Niklas Backstrom
Backup : Rick DiPietro
Extra Forwards
Normal : Marcus Nilson, Dave Steckel, Jeff Taffe - PP : Marcus Nilson, Dave Steckel - PK : Jeff Taffe
Extra Defensemen
Normal : François Beauchemin, Mike Commodore, A.J Thelen - PP : François Beauchemin - PK : Mike Commodore, A.J Thelen
Penalty Shots
Pavel Datsyuk, Patric Hornqvist, David Booth, Martin Havlat, Mike York
Senateurs
5 vs 5 Forward
Center Left Wing Right Wing Time % Phy DF OF
1 Gilbert Brule Thomas Vanek Johan Franzen 40 1 2 2
2 Brad Richards Brenden Morrow B.J. Crombeen 30 1 2 2
3 Brandon Dubinsky Ryan Bayda Milan Hejduk 20 1 2 2
4 Mike Fisher Darcy Hordichuk George Parros 10 1 2 2
5 vs 5 Defense
Defense Defense Time % Phy DF OF
1 Kurtis Foster Dan Hamhuis 40 1 2 2
2 Vitaly Vishnevsky Carlo Colaiacovo 30 1 2 2
3 Dan Girardi Vladimir Mihalik 20 1 2 2
4 Kurtis Foster Dan Hamhuis 10 1 2 2
PowerPlay Forward
Center Left Wing Right Wing Time % Phy DF OF
1 Gilbert Brule Thomas Vanek Johan Franzen 60 0 2 3
2 Brad Richards Brenden Morrow B.J. Crombeen 40 0 2 3
PowerPlay Defense
Defense Defense Time % Phy DF OF
1 Kurtis Foster Dan Hamhuis 60 0 2 3
2 Vitaly Vishnevsky Carlo Colaiacovo 40 0 2 3
Penalty Kill 4 Players Forward
Center Wing Time % Phy DF OF
1 Brad Richards Thomas Vanek 60 1 2 2
2 Gilbert Brule Brenden Morrow 40 1 2 2
Penalty Kill 4 Players Defense
Defense Defense Time % Phy DF OF
1 Kurtis Foster Dan Hamhuis 60 1 2 2
2 Vitaly Vishnevsky Carlo Colaiacovo 40 1 2 2
Penalty Kill - 3 Players Forward
Forward Time % Phy DF OF
1 Thomas Vanek 60 1 2 2
2 Brad Richards 40 1 2 2
Penalty Kill - 3 Players Defense
Defense Defense Time % Phy DF OF
1 Kurtis Foster Dan Hamhuis 60 1 2 2
2 Vitaly Vishnevsky Carlo Colaiacovo 40 1 2 2
4 vs 4 Forward
Center Wing Time % Phy DF OF
1 Gilbert Brule Thomas Vanek 60 1 2 2
2 Brad Richards Johan Franzen 40 1 2 2
4 vs 4 Defense
Defense Defense Time % Phy DF OF
1 Kurtis Foster Dan Hamhuis 60 1 2 2
2 Vitaly Vishnevsky Carlo Colaiacovo 40 1 2 2
Last Minutes Offensive
Center Left Wing Right Wing Defense Defense
Brad Richards Thomas Vanek Johan Franzen Kurtis Foster Dan Hamhuis
Last Minutes Defensive
Center Left Wing Right Wing Defense Defense
Brad Richards Thomas Vanek Johan Franzen Kurtis Foster Dan Hamhuis
Goaltenders
Starting : Maxime Daigneault
Backup : Ondrej Pavelec
Extra Forwards
Normal : Darcy Hordichuk, Milan Hejduk, George Parros - PP : Darcy Hordichuk, Milan Hejduk - PK : George Parros
Extra Defensemen
Normal : Dan Girardi, Vladimir Mihalik, Vitaly Vishnevsky - PP : Dan Girardi - PK : Vladimir Mihalik, Vitaly Vishnevsky
Penalty Shots
Thomas Vanek, Brad Richards, Gilbert Brule, Brenden Morrow, Johan Franzen
% Time on Ice - Blue Jackets
Lines # - Real PCT - Wanted PCT - Time Play
Normal Forward
1 - 30% - 40% - 14:53
2 - 32% - 30% - 15:51
3 - 26% - 20% - 12:51
4 - 11% - 10% - 5:38
Normal Defense
1 - 39% - 40% - 18:57
2 - 34% - 30% - 16:34
3 - 23% - 20% - 11:13
4 - 5% - 10% - 2:29
PP Forward
1 - 56% - 60% - 3:20
2 - 44% - 40% - 2:37
PP Defense
1 - 61% - 60% - 3:36
2 - 39% - 40% - 2:21
PK Forward
1 - 85% - 60% - 4:07
2 - 15% - 40% - 0:43
PK Defense
1 - 71% - 60% - 3:27
2 - 29% - 40% - 1:23
PK3 Forward
1 - 0% - 60%
2 - 0% - 40%
PK3 Defense
1 - 0% - 60%
2 - 0% - 40%
44 Forward
1 - 0% - 60%
2 - 0% - 40%
44 Defense
1 - 0% - 60%
2 - 0% - 40%
Last Minute Offensive - 0:00
Last Minute Defensive - 0:00
Total
Forward - 60:00
Defense - 60:00
|
% Time on Ice - Senateurs
Lines # - Real PCT - Wanted PCT - Time Play
Normal Forward
1 - 33% - 40% - 16:03
2 - 28% - 30% - 13:54
3 - 23% - 20% - 11:20
4 - 16% - 10% - 7:56
Normal Defense
1 - 37% - 40% - 18:04
2 - 34% - 30% - 16:40
3 - 24% - 20% - 11:43
4 - 6% - 10% - 2:46
PP Forward
1 - 67% - 60% - 3:14
2 - 33% - 40% - 1:36
PP Defense
1 - 64% - 60% - 3:05
2 - 36% - 40% - 1:45
PK Forward
1 - 74% - 60% - 4:25
2 - 26% - 40% - 1:32
PK Defense
1 - 56% - 60% - 3:19
2 - 44% - 40% - 2:38
PK3 Forward
1 - 0% - 60%
2 - 0% - 40%
PK3 Defense
1 - 0% - 60%
2 - 0% - 40%
44 Forward
1 - 0% - 60%
2 - 0% - 40%
44 Defense
1 - 0% - 60%
2 - 0% - 40%
Last Minute Offensive - 0:00
Last Minute Defensive - 0:00
Total
Forward - 60:00
Defense - 60:00
|
Play by Play
1st period
0:01 of 1st period - Pavel Datsyuk wins face-off versus Thomas Vanek in neutral zone.
0:29 of 1st period - Jan Bulis is hit by Kurtis Foster and loses puck.
0:36 of 1st period - Slapshot by B.J. Crombeen.
0:36 of 1st period - Stopped by Niklas Backstrom with a rebound.
0:52 of 1st period - Snap shot by Andreas Nodl.
0:52 of 1st period - Shot Blocked by Carlo Colaiacovo.
0:56 of 1st period - Slapshot by Andreas Nodl.
0:56 of 1st period - Shot Blocked by Brandon Dubinsky.
1:10 of 1st period - Off-side.
1:11 of 1st period - Mike Fisher wins face-off versus Pavel Datsyuk in neutral zone.
1:14 of 1st period - François Beauchemin is hit by Darcy Hordichuk and loses puck.
1:36 of 1st period - Mike Commodore is hit by Gilbert Brule and loses puck.
2:21 of 1st period - Snap shot by Ryan Bayda.
2:21 of 1st period - Shot Misses the Net.
2:23 of 1st period - Slapshot by Ryan Bayda.
2:23 of 1st period - Deflect By Brandon Dubinsky.
2:23 of 1st period - Shot Misses the Net.
2:23 of 1st period - Puck is out of play.
2:24 of 1st period - Gilbert Brule wins face-off versus Pavel Datsyuk in Blue Jackets zone.
2:33 of 1st period - Slapshot by Pavel Datsyuk.
2:33 of 1st period - Deflect By David Booth.
2:33 of 1st period - Stopped by Maxime Daigneault without a rebound.
2:34 of 1st period - Gilbert Brule wins face-off versus Pavel Datsyuk in Senateurs zone.
2:34 of 1st period - Gilbert Brule is hit by Pavel Datsyuk.
3:11 of 1st period - Off-side.
3:12 of 1st period - Brenden Morrow wins face-off versus Jan Bulis in neutral zone.
3:37 of 1st period - Milan Hejduk is hit by Dave Steckel and loses puck.
4:06 of 1st period - Pavel Datsyuk is hit by Mike Fisher and loses puck.
4:21 of 1st period - Jan Bulis is hit by Vladimir Mihalik and loses puck.
4:36 of 1st period - Slapshot by Vitaly Vishnevsky.
4:36 of 1st period - Shot Blocked by Pavel Datsyuk.
4:50 of 1st period - François Beauchemin is hit by Brandon Dubinsky.
5:11 of 1st period - Dan Hamhuis is hit by Martin Havlat and loses puck.
5:20 of 1st period - Wrist shot by Darcy Hordichuk.
5:20 of 1st period - Stopped by Niklas Backstrom with a rebound.
5:38 of 1st period - Wrist shot by Marcus Nilson.
5:38 of 1st period - Shot Misses the Net.
5:40 of 1st period - Snap shot by Jeff Taffe.
5:40 of 1st period - Deflect By Marcus Nilson.
5:40 of 1st period - Stopped by Maxime Daigneault with a rebound.
5:50 of 1st period - Snap shot by Patric Hornqvist.
5:50 of 1st period - Shot Misses the Net.
6:08 of 1st period - Wrist shot by Brad Richards.
6:08 of 1st period - Stopped by Niklas Backstrom with a rebound.
6:10 of 1st period - Slapshot by Vladimir Mihalik.
6:10 of 1st period - Shot Misses the Net.
6:12 of 1st period - Slapshot by Vladimir Mihalik.
6:12 of 1st period - Shot Blocked by Jan Bulis.
6:40 of 1st period - Brooks Orpik is hit by Kurtis Foster and loses puck.
7:01 of 1st period - Wrist shot by Dave Steckel.
7:01 of 1st period - Stopped by Maxime Daigneault with a rebound.
7:48 of 1st period - Snap shot by Dave Steckel.
7:48 of 1st period - Stopped by Maxime Daigneault without a rebound.
7:49 of 1st period - Brad Richards wins face-off versus Jan Bulis in Senateurs zone.
7:54 of 1st period - Slapshot by Dan Hamhuis.
7:54 of 1st period - Shot Misses the Net.
8:04 of 1st period - Snap shot by Martin Havlat.
8:04 of 1st period - Stopped by Maxime Daigneault with a rebound.
8:30 of 1st period - Minor Penalty to Brenden Morrow for Hooking.
8:31 of 1st period - Brad Richards wins face-off versus Pavel Datsyuk in Senateurs zone.
8:46 of 1st period - Snap shot by Pavel Datsyuk.
8:46 of 1st period - Stopped by Maxime Daigneault with a rebound.
10:10 of 1st period - Brad Richards is hit by Martin Havlat and loses puck.
10:21 of 1st period - David Booth is hit by Dan Hamhuis and loses puck.
10:30 of 1st period - Penalty to Brenden Morrow is over, Brenden Morrow is back on ice.
11:01 of 1st period - Wrist shot by Martin Havlat.
11:01 of 1st period - Shot Blocked by Carlo Colaiacovo.
11:34 of 1st period - Snap shot by Carlo Colaiacovo.
11:34 of 1st period - Stopped by Niklas Backstrom without a rebound.
11:35 of 1st period - Brandon Dubinsky wins face-off versus Jan Bulis in Blue Jackets zone.
11:38 of 1st period - Wrist shot by Milan Hejduk.
11:38 of 1st period - Shot Blocked by Brooks Orpik.
11:56 of 1st period - Martin Havlat is hit by Brenden Morrow and loses puck.
12:25 of 1st period - Off-side.
12:26 of 1st period - Pavel Datsyuk wins face-off versus Brandon Dubinsky in neutral zone.
12:33 of 1st period - Wrist shot by Patric Hornqvist.
12:33 of 1st period - Shot Blocked by Carlo Colaiacovo.
12:39 of 1st period - Slapshot by Patric Hornqvist.
12:39 of 1st period - Stopped by Maxime Daigneault without a rebound.
12:40 of 1st period - Pavel Datsyuk wins face-off versus Gilbert Brule in Senateurs zone.
12:53 of 1st period - Wrist shot by Gilbert Brule.
12:53 of 1st period - Stopped by Niklas Backstrom without a rebound.
12:54 of 1st period - Pavel Datsyuk wins face-off versus Gilbert Brule in Blue Jackets zone.
13:41 of 1st period - Brooks Orpik is hit by Brandon Dubinsky and loses puck.
14:46 of 1st period - Wrist shot by Brenden Morrow.
14:46 of 1st period - Stopped by Niklas Backstrom with a rebound.
14:48 of 1st period - Slapshot by Carlo Colaiacovo.
14:48 of 1st period - Stopped by Niklas Backstrom without a rebound.
14:49 of 1st period - Jan Bulis wins face-off versus Gilbert Brule in Blue Jackets zone.
15:06 of 1st period - Wrist shot by Martin Havlat.
15:06 of 1st period - Stopped by Maxime Daigneault with a rebound.
15:20 of 1st period - Brad Richards is hit by Marcus Nilson and loses puck.
15:26 of 1st period - Icing by Carlo Colaiacovo.
15:27 of 1st period - Brad Richards wins face-off versus Pavel Datsyuk in Senateurs zone.
17:50 of 1st period - Minor Penalty to Dan Hamhuis for Roughing.
17:51 of 1st period - Brad Richards wins face-off versus Pavel Datsyuk in Senateurs zone.
18:27 of 1st period - Wrist shot by Mike York.
18:27 of 1st period - Stopped by Maxime Daigneault without a rebound.
18:28 of 1st period - Pavel Datsyuk wins face-off versus Gilbert Brule in Senateurs zone.
18:35 of 1st period - Wrist shot by Pavel Datsyuk.
18:35 of 1st period - Stopped by Maxime Daigneault with a rebound.
18:43 of 1st period - Snap shot by Pavel Datsyuk.
18:43 of 1st period - Shot Blocked by Brenden Morrow.
19:50 of 1st period - Penalty to Dan Hamhuis is over, Dan Hamhuis is back on ice.
Goals for this period are 0 for Blue Jackets vs 0 for Senateurs.
Shots for this period are 10 for Blue Jackets vs 7 for Senateurs.
2nd period
0:01 of 2nd period - Pavel Datsyuk wins face-off versus Gilbert Brule in neutral zone.
0:31 of 2nd period - Snap shot by B.J. Crombeen.
0:31 of 2nd period - Stopped by Niklas Backstrom with a rebound.
0:33 of 2nd period - Slapshot by B.J. Crombeen.
0:33 of 2nd period - Shot Blocked by Brooks Orpik.
0:35 of 2nd period - Slapshot by Dan Hamhuis.
0:35 of 2nd period - Shot Blocked by Mike Lundin.
1:55 of 2nd period - Snap shot by Brenden Morrow.
1:55 of 2nd period - Stopped by Niklas Backstrom without a rebound.
1:56 of 2nd period - Gilbert Brule wins face-off versus Dave Steckel in Blue Jackets zone.
1:57 of 2nd period - Snap shot by Thomas Vanek.
1:57 of 2nd period - Shot Blocked by Branislav Mezei.
2:38 of 2nd period - Wrist shot by Gilbert Brule.
2:38 of 2nd period - Goal by Gilbert Brule - Blue Jackets : 0 - Senateurs : 1.
2:39 of 2nd period - Pavel Datsyuk wins face-off versus Brad Richards in neutral zone.
3:04 of 2nd period - Ryan Bayda is hit by Jan Bulis and loses puck.
3:23 of 2nd period - Wrist shot by Andreas Nodl.
3:23 of 2nd period - Shot Misses the Net.
3:50 of 2nd period - Snap shot by Kevin Bieksa.
3:50 of 2nd period - Shot Misses the Net.
3:52 of 2nd period - Snap shot by Kevin Bieksa.
3:52 of 2nd period - Shot Misses the Net.
3:54 of 2nd period - Snap shot by David Booth.
3:54 of 2nd period - Stopped by Maxime Daigneault without a rebound.
3:55 of 2nd period - Brad Richards wins face-off versus Jan Bulis in Senateurs zone.
3:55 of 2nd period - Brad Richards is hit by Martin Havlat.
4:07 of 2nd period - Icing by Mike Commodore.
4:08 of 2nd period - Jan Bulis wins face-off versus Gilbert Brule in Blue Jackets zone.
4:25 of 2nd period - Slapshot by Martin Havlat.
4:25 of 2nd period - Shot Misses the Net.
4:43 of 2nd period - Snap shot by Martin Havlat.
4:43 of 2nd period - Stopped by Maxime Daigneault without a rebound.
4:44 of 2nd period - Pavel Datsyuk wins face-off versus Brad Richards in Senateurs zone.
4:53 of 2nd period - Backhand shot by Pavel Datsyuk.
4:53 of 2nd period - Shot Misses the Net.
5:09 of 2nd period - Ryan Bayda is hit by Andreas Nodl and loses puck.
5:38 of 2nd period - Kevin Bieksa is hit by Vitaly Vishnevsky and loses puck.
6:02 of 2nd period - Thomas Vanek is hit by Martin Havlat and loses puck.
6:13 of 2nd period - Brooks Orpik is hit by Brad Richards and loses puck.
6:18 of 2nd period - Wrist shot by Brad Richards.
6:18 of 2nd period - Stopped by Niklas Backstrom with a rebound.
6:20 of 2nd period - Slapshot by Vladimir Mihalik.
6:20 of 2nd period - Deflect By Brenden Morrow.
6:20 of 2nd period - Shot Misses the Net.
6:20 of 2nd period - Puck is out of play.
6:21 of 2nd period - Jan Bulis wins face-off versus Brad Richards in Blue Jackets zone.
7:36 of 2nd period - Wrist shot by Martin Havlat.
7:36 of 2nd period - Stopped by Maxime Daigneault without a rebound.
7:37 of 2nd period - Pavel Datsyuk wins face-off versus Brandon Dubinsky in Senateurs zone.
7:40 of 2nd period - Wrist shot by Pavel Datsyuk.
7:40 of 2nd period - Deflect By Brandon Dubinsky.
7:40 of 2nd period - Stopped by Maxime Daigneault with a rebound.
8:26 of 2nd period - B.J. Crombeen is hit by Marcus Nilson and loses puck.
8:43 of 2nd period - Wrist shot by Pavel Datsyuk.
8:43 of 2nd period - Shot Misses the Net.
8:45 of 2nd period - Snap shot by Pavel Datsyuk.
8:45 of 2nd period - Stopped by Maxime Daigneault with a rebound.
9:03 of 2nd period - Mike York is hit by Brandon Dubinsky and loses puck.
9:29 of 2nd period - Kevin Bieksa is hit by Kurtis Foster and loses puck.
9:42 of 2nd period - Brenden Morrow is hit by Pavel Datsyuk and loses puck.
9:49 of 2nd period - Pavel Datsyuk is hit by Brad Richards and loses puck.
10:02 of 2nd period - Kurtis Foster is hit by Marcus Nilson and loses puck.
10:09 of 2nd period - Marcus Nilson is hit by George Parros.
10:37 of 2nd period - Kurtis Foster is hit by Andreas Nodl and loses puck.
10:48 of 2nd period - Wrist shot by Ryan Bayda.
10:48 of 2nd period - Stopped by Niklas Backstrom without a rebound.
10:49 of 2nd period - Gilbert Brule wins face-off versus Jeff Taffe in Blue Jackets zone.
11:14 of 2nd period - Dave Steckel is hit by B.J. Crombeen and loses puck.
11:59 of 2nd period - Snap shot by Brandon Dubinsky.
11:59 of 2nd period - Shot Blocked by François Beauchemin.
12:03 of 2nd period - Wrist shot by Milan Hejduk.
12:03 of 2nd period - Stopped by Niklas Backstrom without a rebound.
12:04 of 2nd period - Jan Bulis wins face-off versus Gilbert Brule in Blue Jackets zone.
12:31 of 2nd period - Pavel Datsyuk is hit by Brad Richards and loses puck.
12:38 of 2nd period - Wrist shot by Pavel Datsyuk.
12:38 of 2nd period - Shot Misses the Net.
12:54 of 2nd period - Icing by Brooks Orpik.
12:55 of 2nd period - Brandon Dubinsky wins face-off versus Dave Steckel in Blue Jackets zone.
13:16 of 2nd period - Wrist shot by Ryan Bayda.
13:16 of 2nd period - Stopped by Niklas Backstrom without a rebound.
13:17 of 2nd period - Gilbert Brule wins face-off versus Pavel Datsyuk in Blue Jackets zone.
13:22 of 2nd period - Snap shot by Thomas Vanek.
13:22 of 2nd period - Shot Blocked by A.J Thelen.
13:30 of 2nd period - Slapshot by Branislav Mezei.
13:30 of 2nd period - Shot Misses the Net.
13:32 of 2nd period - Backhand shot by Branislav Mezei.
13:32 of 2nd period - Shot Misses the Net.
13:54 of 2nd period - Minor Penalty to Mike York for Holding.
13:55 of 2nd period - Pavel Datsyuk wins face-off versus Gilbert Brule in Blue Jackets zone.
14:09 of 2nd period - Wrist shot by Johan Franzen.
14:09 of 2nd period - Stopped by Niklas Backstrom without a rebound.
14:10 of 2nd period - Pavel Datsyuk wins face-off versus Gilbert Brule in Blue Jackets zone.
14:46 of 2nd period - Wrist shot by Johan Franzen.
14:46 of 2nd period - Goal by Johan Franzen - Blue Jackets : 0 - Senateurs : 2.
14:47 of 2nd period - Jan Bulis wins face-off versus Brad Richards in neutral zone.
16:17 of 2nd period - Snap shot by Brenden Morrow.
16:17 of 2nd period - Stopped by Niklas Backstrom without a rebound.
16:18 of 2nd period - Brenden Morrow wins face-off versus Jan Bulis in Blue Jackets zone.
16:21 of 2nd period - Wrist shot by B.J. Crombeen.
16:21 of 2nd period - Stopped by Niklas Backstrom with a rebound.
16:23 of 2nd period - Slapshot by Dan Hamhuis.
16:23 of 2nd period - Shot Blocked by Kevin Bieksa.
16:25 of 2nd period - Wrist shot by B.J. Crombeen.
16:25 of 2nd period - Shot Misses the Net.
16:31 of 2nd period - Snap shot by Brad Richards.
16:31 of 2nd period - Deflect By B.J. Crombeen.
16:31 of 2nd period - Stopped by Niklas Backstrom with a rebound.
16:33 of 2nd period - Snap shot by Brenden Morrow.
16:33 of 2nd period - Goal by Brenden Morrow - Blue Jackets : 0 - Senateurs : 3.
16:34 of 2nd period - Gilbert Brule wins face-off versus Pavel Datsyuk in neutral zone.
16:37 of 2nd period - Snap shot by Thomas Vanek.
16:37 of 2nd period - Goal by Thomas Vanek - Blue Jackets : 0 - Senateurs : 4.
16:38 of 2nd period - Pavel Datsyuk wins face-off versus Gilbert Brule in neutral zone.
17:03 of 2nd period - Dan Hamhuis is hit by Mike York.
18:13 of 2nd period - Wrist shot by George Parros.
18:13 of 2nd period - Shot Misses the Net.
18:28 of 2nd period - Off-side.
18:29 of 2nd period - Dave Steckel wins face-off versus Brad Richards in neutral zone.
18:35 of 2nd period - Brenden Morrow beats up Marcus Nilson.
18:35 of 2nd period - Penalty to Brenden Morrow for Fighting.
18:35 of 2nd period - Penalty to Marcus Nilson for Fighting.
18:36 of 2nd period - David Booth wins face-off versus Gilbert Brule in Senateurs zone.
18:41 of 2nd period - Snap shot by Pavel Datsyuk.
18:41 of 2nd period - Stopped by Maxime Daigneault with a rebound.
19:13 of 2nd period - Icing by Dan Hamhuis.
19:14 of 2nd period - Dave Steckel wins face-off versus Brad Richards in Senateurs zone.
19:15 of 2nd period - Slapshot by Andreas Nodl.
19:15 of 2nd period - Stopped by Maxime Daigneault with a rebound.
19:25 of 2nd period - Wrist shot by Dave Steckel.
19:25 of 2nd period - Stopped by Maxime Daigneault with a rebound.
19:51 of 2nd period - Kurtis Foster is hit by Pavel Datsyuk and loses puck.
Goals for this period are 0 for Blue Jackets vs 4 for Senateurs.
Shots for this period are 8 for Blue Jackets vs 14 for Senateurs.
3rd period
0:01 of 3rd period - Gilbert Brule wins face-off versus Pavel Datsyuk in neutral zone.
0:01 of 3rd period - Gilbert Brule is hit by Patric Hornqvist.
0:30 of 3rd period - Wrist shot by Mike York.
0:30 of 3rd period - Shot Misses the Net.
0:32 of 3rd period - Slapshot by Branislav Mezei.
0:32 of 3rd period - Shot Misses the Net.
0:34 of 3rd period - Snap shot by Jan Bulis.
0:34 of 3rd period - Shot Blocked by Kurtis Foster.
0:52 of 3rd period - Wrist shot by Andreas Nodl.
0:52 of 3rd period - Shot Misses the Net.
0:54 of 3rd period - Slapshot by Dave Steckel.
0:54 of 3rd period - Stopped by Maxime Daigneault with a rebound.
1:38 of 3rd period - Dave Steckel is hit by Milan Hejduk and loses puck.
1:53 of 3rd period - Snap shot by Vitaly Vishnevsky.
1:53 of 3rd period - Stopped by Niklas Backstrom with a rebound.
1:55 of 3rd period - Slapshot by Gilbert Brule.
1:55 of 3rd period - Goal by Gilbert Brule - Blue Jackets : 0 - Senateurs : 5.
1:55 of 3rd period - Rick DiPietro enters game.
1:56 of 3rd period - Gilbert Brule wins face-off versus Pavel Datsyuk in neutral zone.
2:12 of 3rd period - Slapshot by Dan Girardi.
2:12 of 3rd period - Shot Blocked by David Booth.
2:46 of 3rd period - Brandon Dubinsky is hit by Dave Steckel and loses puck.
2:55 of 3rd period - Andreas Nodl is hit by Dan Hamhuis and loses puck.
3:07 of 3rd period - Jeff Taffe beats up Thomas Vanek.
3:07 of 3rd period - Penalty to Thomas Vanek for Fighting.
3:07 of 3rd period - Penalty to Jeff Taffe for Fighting.
3:08 of 3rd period - Gilbert Brule wins face-off versus Pavel Datsyuk in Blue Jackets zone.
3:21 of 3rd period - Wrist shot by David Booth.
3:21 of 3rd period - Shot Blocked by Gilbert Brule.
3:53 of 3rd period - Snap shot by Andreas Nodl.
3:53 of 3rd period - Shot Blocked by Kurtis Foster.
3:55 of 3rd period - Snap shot by Andreas Nodl.
3:55 of 3rd period - Stopped by Maxime Daigneault without a rebound.
3:56 of 3rd period - Mike Fisher wins face-off versus Dave Steckel in Senateurs zone.
4:22 of 3rd period - Snap shot by Marcus Nilson.
4:22 of 3rd period - Stopped by Maxime Daigneault without a rebound.
4:23 of 3rd period - Pavel Datsyuk wins face-off versus Gilbert Brule in Senateurs zone.
4:55 of 3rd period - Snap shot by B.J. Crombeen.
4:55 of 3rd period - Shot Misses the Net.
5:32 of 3rd period - Snap shot by Dave Steckel.
5:32 of 3rd period - Shot Misses the Net.
5:54 of 3rd period - Pavel Datsyuk is hit by Johan Franzen.
6:04 of 3rd period - Slapshot by David Booth.
6:04 of 3rd period - Shot Misses the Net.
6:06 of 3rd period - Backhand shot by Mike York.
6:06 of 3rd period - Shot Misses the Net.
6:08 of 3rd period - Snap shot by Martin Havlat.
6:08 of 3rd period - Goal by Martin Havlat - Blue Jackets : 1 - Senateurs : 5.
6:09 of 3rd period - Pavel Datsyuk wins face-off versus Gilbert Brule in neutral zone.
6:30 of 3rd period - Minor Penalty to Patric Hornqvist for Slashing.
6:31 of 3rd period - Gilbert Brule wins face-off versus David Booth in Blue Jackets zone.
6:40 of 3rd period - Wrist shot by Johan Franzen.
6:40 of 3rd period - Stopped by Rick DiPietro without a rebound.
6:41 of 3rd period - Pavel Datsyuk wins face-off versus Gilbert Brule in Blue Jackets zone.
6:56 of 3rd period - Slapshot by Johan Franzen.
6:56 of 3rd period - Stopped by Rick DiPietro with a rebound.
6:58 of 3rd period - Wrist shot by Gilbert Brule.
6:58 of 3rd period - Shot Misses the Net.
7:08 of 3rd period - Slapshot by Johan Franzen.
7:08 of 3rd period - Shot Misses the Net.
7:10 of 3rd period - Slapshot by Kurtis Foster.
7:10 of 3rd period - Shot Blocked by Kevin Bieksa.
7:12 of 3rd period - Snap shot by Johan Franzen.
7:12 of 3rd period - Stopped by Rick DiPietro with a rebound.
7:14 of 3rd period - Slapshot by Dan Hamhuis.
7:14 of 3rd period - Deflect By Johan Franzen.
7:14 of 3rd period - Shot Blocked by Kevin Bieksa.
7:14 of 3rd period - Puck is out of play.
7:15 of 3rd period - Pavel Datsyuk wins face-off versus Brad Richards in Blue Jackets zone.
8:07 of 3rd period - Penalty to Jeff Taffe is over, Jeff Taffe is back on ice.
8:30 of 3rd period - Penalty to Patric Hornqvist is over, Patric Hornqvist is back on ice.
10:16 of 3rd period - Icing by Carlo Colaiacovo.
10:17 of 3rd period - Gilbert Brule wins face-off versus Cory Emmerton in Senateurs zone.
10:24 of 3rd period - Snap shot by Johan Franzen.
10:24 of 3rd period - Shot Misses the Net.
10:39 of 3rd period - Gilbert Brule is hit by Pavel Datsyuk and loses puck.
10:52 of 3rd period - Wrist shot by Cory Emmerton.
10:52 of 3rd period - Shot Misses the Net.
10:54 of 3rd period - Slapshot by Jeff Taffe.
10:54 of 3rd period - Shot Misses the Net.
11:04 of 3rd period - Snap shot by Pavel Datsyuk.
11:04 of 3rd period - Deflect By Gilbert Brule.
11:04 of 3rd period - Stopped by Maxime Daigneault without a rebound.
11:05 of 3rd period - Brenden Morrow wins face-off versus Martin Havlat in Senateurs zone.
11:20 of 3rd period - Slapshot by Mike York.
11:20 of 3rd period - Shot Misses the Net.
11:32 of 3rd period - Mike Lundin is hit by Kurtis Foster and loses puck.
11:41 of 3rd period - Slapshot by Andreas Nodl.
11:41 of 3rd period - Shot Blocked by Mike Fisher.
11:55 of 3rd period - Slapshot by Patric Hornqvist.
11:55 of 3rd period - Stopped by Maxime Daigneault with a rebound.
11:57 of 3rd period - Wrist shot by David Booth.
11:57 of 3rd period - Stopped by Maxime Daigneault with a rebound.
12:09 of 3rd period - Vladimir Mihalik is hit by Jan Bulis and loses puck.
12:40 of 3rd period - Martin Havlat is hit by Vitaly Vishnevsky.
12:46 of 3rd period - Slapshot by Darcy Hordichuk.
12:46 of 3rd period - Stopped by Rick DiPietro without a rebound.
12:47 of 3rd period - Gilbert Brule wins face-off versus Pavel Datsyuk in Blue Jackets zone.
12:51 of 3rd period - Minor Penalty to Brooks Orpik for Interference.
12:52 of 3rd period - Gilbert Brule wins face-off versus Patric Hornqvist in Blue Jackets zone.
13:00 of 3rd period - Snap shot by Gilbert Brule.
13:00 of 3rd period - Shot Misses the Net.
13:29 of 3rd period - Off-side.
13:30 of 3rd period - Brad Richards wins face-off versus David Booth in neutral zone.
14:51 of 3rd period - Penalty to Brooks Orpik is over, Brooks Orpik is back on ice.
15:13 of 3rd period - Branislav Mezei is hit by Dan Hamhuis.
15:25 of 3rd period - Wrist shot by Martin Havlat.
15:25 of 3rd period - Stopped by Maxime Daigneault with a rebound.
15:27 of 3rd period - Snap shot by Branislav Mezei.
15:27 of 3rd period - Shot Blocked by Vladimir Mihalik.
15:29 of 3rd period - Slapshot by Kevin Bieksa.
15:29 of 3rd period - Shot Misses the Net.
15:31 of 3rd period - Snap shot by Martin Havlat.
15:31 of 3rd period - Stopped by Maxime Daigneault without a rebound.
15:32 of 3rd period - Jan Bulis wins face-off versus George Parros in Senateurs zone.
15:51 of 3rd period - Minor Penalty to Vladimir Mihalik for Interference.
15:52 of 3rd period - Pavel Datsyuk wins face-off versus Brad Richards in Senateurs zone.
16:27 of 3rd period - Snap shot by Martin Havlat.
16:27 of 3rd period - Shot Misses the Net.
17:51 of 3rd period - Penalty to Vladimir Mihalik is over, Vladimir Mihalik is back on ice.
17:55 of 3rd period - Wrist shot by Vladimir Mihalik.
17:55 of 3rd period - Stopped by Rick DiPietro with a rebound.
17:57 of 3rd period - Snap shot by Kurtis Foster.
17:57 of 3rd period - Shot Hit the Post.
17:59 of 3rd period - Snap shot by Thomas Vanek.
17:59 of 3rd period - Shot Blocked by Mike Lundin.
18:01 of 3rd period - Wrist shot by Thomas Vanek.
18:01 of 3rd period - Shot Blocked by Brooks Orpik.
18:03 of 3rd period - Slapshot by Thomas Vanek.
18:03 of 3rd period - Stopped by Rick DiPietro without a rebound.
18:04 of 3rd period - Dave Steckel wins face-off versus Milan Hejduk in Blue Jackets zone.
18:44 of 3rd period - Off-side.
18:45 of 3rd period - Gilbert Brule wins face-off versus Jan Bulis in neutral zone.
Goals for this period are 1 for Blue Jackets vs 1 for Senateurs.
Shots for this period are 9 for Blue Jackets vs 8 for Senateurs.
Back to the Top